 Dungeon Crawl Stone Soup version 0.30-a0-475-g03497ec522 (webtiles) character file.

Game seed: 10461132325393718196

43 holysushi the Conjurer (level 3, -2/20 HPs)
             Began as a Tengu Conjurer on Dec 21, 2022.
             Killed from afar by Ijyb (8 damage)
             ... with an iceblast
             ... on level 3 of the Dungeon.
             The game lasted 00:02:32 (1140 turns).

holysushi the Conjurer (Tengu Conjurer)             Turns: 1140, Time: 00:02:32

Health: -2/20      AC:  3    Str:  7    XL:     3   Next: 58%
Magic:  11/16      EV: 13    Int: 18    God:
Gold:   30         SH:  0    Dex: 14    Spells: 0/6 levels left

rFire   . . .      SeeInvis .    b - +2 dagger (venom)
rCold   . . .      Faith    .    (no shield)
rNeg    . . .      Spirit   .    a - +1 robe
rPois   .          Reflect  .    (helmet restricted)
rElec   .          Harm     .    (no cloak)
rCorr   .          Rampage  .    (no gloves)
Will    .....                    (boots unavailable)
Stlth   ++........               (no amulet)
HPRegen 0.23/turn                m - ring of magical power
MPRegen 0.15/turn                (no ring)

@: no status effects
A: beak, talons 3
a: no special abilities


You were on level 3 of the Dungeon.
You visited 1 branch of the dungeon, and saw 3 of its levels.

You collected 30 gold pieces.

Inventory:

Hand Weapons
 b - a +2 dagger of venom (weapon)
Armour
 a - a +1 robe (worn)
Jewellery
 m - a ring of magical power (left hand)
Scrolls
 e - a scroll of brand weapon {unknown}
 f - 2 scrolls of enchant armour
 i - a scroll of identify {unknown}
 k - 2 scrolls of poison {unknown}
Potions
 g - 2 potions of degeneration {unknown}
 h - 2 potions of curing
 j - a potion of cancellation {unknown}
 l - a potion of flight {unknown}


   Skills:
 + Level 1.0 Fighting
 + Level 3.3 Dodging
 - Level 2.2 Stealth
 - Level 2.2 Spellcasting
 + Level 5.5 Conjurations


You couldn't memorise any spells.
You knew the following spells:

 Your Spells              Type           Power      Damage    Failure   Level
a - Magic Dart            Conj           84%        1d7       1%          1
b - Searing Ray           Conj           42%        2d6       2%          2
c - Dazzling Flash        Conj/Hex       22%        N/A       17%         3

Your spell library contained the following spells:

 Spells                   Type           Power      Damage    Failure   Level
 Fulminant Prism          Conj/Hex       5%         3d7       50%         4
 Iskenderun's Mystic Bla  Conj/Tloc      11%        2d4       50%         4


Dungeon Overview and Level Annotations

Branches:
Dungeon (2/15) Zot: 16860

Altars:

Annotations:
D:3 Ijyb


Innate Abilities, Weirdness & Mutations

You have a beak for a mouth.
You have claws for feet.


Message History

You start resting.
Magic restored.
Ijyb the Twisted Goblin comes into view.
She is wielding a +9 club and carrying a wand of iceblast (8).
Found a scroll labelled URAFAUT FUAZYAKAU.
Ijyb is nearby!
Ijyb is nearby!
Ijyb is nearby!
Ijyb is nearby!
Casting: Searing Ray (safe; 2% risk of failure)
Confirm with . or Enter, or press ? or * to list all spells.
Aiming: Magic Dart (safe; 1% risk of failure)
Press: ? - help, Shift-Dir - straight line, f - Ijyb
Aim: Ijyb, wielding a +9 club, wearing a +0 ring mail and carrying a wand of iceblast (8) (asleep, 100% to hit)
The magic dart hits Ijyb but does no damage.
Casting: Magic Dart (safe; 1% risk of failure)
Confirm with . or Enter, or press ? or * to list all spells.
Aiming: Magic Dart (safe; 1% risk of failure)
Press: ? - help, Shift-Dir - straight line, f - you That beam is likely to hit you.
Continue anyway? [Y]es or [N]o only, please.
That beam is likely to hit you.
Continue anyway?
Okay, then.
Casting: Magic Dart (safe; 1% risk of failure)
Confirm with . or Enter, or press ? or * to list all spells.
Aiming: Searing Ray (safe; 2% risk of failure)
Press: ? - help, Shift-Dir - straight line, f - Ijyb
Aim: Ijyb, wielding a +9 club, wearing a +0 ring mail and carrying a wand of iceblast (8) (black smoke, 75% to hit)
The searing ray hits Ijyb but does no damage. (Press . to maintain the ray.)
The searing ray hits Ijyb but does no damage.
Ijyb zaps a wand.
The mass of ice explodes!
The iceblast engulfs you!
Ouch! That really hurt!
* * * LOW HITPOINT WARNING * * *
You hear a shout! x5; You hear an angry hiss.
The searing ray hits Ijyb.
Ijyb is lightly wounded.
The searing ray misses Ijyb.
You finish channelling your searing ray.
Ijyb zaps a wand.
The mass of ice explodes!
The iceblast engulfs you!
You die...

.≈≈...≈≈..#
.§§§...≈..
...§.≈....#
..§§.≈≈...#
.?..§.....#
....g.#.#
#..†#.#
#@#.# #.#.#
#.#.# #...#
#.#.# #####


You could see Ijyb.

Vanquished Creatures
  A worm (D:3)
  2 dart slugs (D:1)
  3 bats (D:1)
  2 endoplasms (D:1)
  3 giant cockroaches (D:1)
  A goblin (D:1)
  4 hobgoblins (D:1)
  4 jackals
  A quokka (D:1)
  3 ball pythons
  3 frilled lizards
  3 kobolds (D:1)
  3 rats (D:1)
33 creatures vanquished.

Notes
Turn   | Place    | Note
-------+----------+-------------------------------------------
     0 | D:1      | holysushi the Tengu Conjurer began the quest for the Orb.
     0 | D:1      | Reached XP level 1. HP: 10/10 MP: 4/4
   140 | D:1      | Reached XP level 2. HP: 15/15 MP: 6/6
   371 | D:1      | Reached XP level 3. HP: 19/19 MP: 7/7
  1078 | D:2      | You fall into a shaft and drop 1 floor!
  1082 | D:3      | Learned a level 2 spell: Searing Ray
  1086 | D:3      | Learned a level 3 spell: Dazzling Flash
  1093 | D:3      | Reached skill level 1 in Fighting
  1133 | D:3      | Noticed Ijyb
  1140 | D:3      | Killed from afar by Ijyb

Illustrated notes

Levels and vault maps discovered:
D:1:      onia_arrival_pyramid, layout_loops_ring
D:2:      layout_rooms
D:3:      layout_basic, vehumet_altar_wand_db,
          mainiacjoe_overflow_small_starburst, dk_yredelemnul_ordeal, uniq_ijyb

Skill      XL: |  1  2  3 |
---------------+----------+-----
Dodging        | 3 |  3.3
Fighting       | 1 |  1.0
Stealth        | |  2.2
Spellcasting   | |  2.2
Conjurations   | |  5.5

Action                   || total
-------------------------++-------
Melee: Unarmed           ||    24
       Peck              ||    16
       Kick              ||    12
       Punch             ||     3
       Dagger            ||    35
 Cast: Magic Dart        ||    16
       Searing Ray       ||     2
  Use: Potion            ||     2
       Scroll            ||     3
 Stab: Sleeping          ||     4
Armor: Robe              ||    17
Dodge: Dodged            ||    58

Table legend: (Time is in decaauts)
 A = Elapsed time spent in this place.
 B = Non-inter-level travel time spent in this place.
 C = Inter-level travel time spent in this place.
 D = Time resting spent in this place.
 E = Time spent auto-exploring this place.
 F = Levels seen in this place.
 G = Mean time per level.
                   A        B        C        D        E       F      G
               +--------+--------+--------+--------+--------+-----+--------+
         Total |   1138 |   1091 |     47 |    107 |    710 |   3 |  379.3 |
       Dungeon |   1138 |   1091 |     47 |    107 |    710 |   3 |  379.3 |
               +--------+--------+--------+--------+--------+-----+--------+

Top non-repeatable levels by time:
     D:1: 928 daAuts
     D:2: 148 daAuts
     D:3: 61 daAuts
